 Dungeon Crawl Stone Soup version 0.22-a0-358-g7563fe7 (webtiles) character file.

2466 Leszczynek the Grappler (level 9, 0/88 HPs)
             Began as a Troll Skald on Apr 18, 2018.
             Was a Believer of Cheibriados.
             Slain by a bullfrog (6 damage)
             ... on level 8 of the Dungeon.
             The game lasted 00:22:03 (2689 turns).

Leszczynek the Grappler (Troll Skald)               Turns: 2689, Time: 00:22:04

Health: 0/88       AC:  5    Str: 26    XL:     9   Next: 26%
Magic:  4/10       EV: 12    Int: 15    God:    Cheibriados [**....]
Gold:   105        SH:  0    Dex: 16    Spells: 5/10 levels left

rFire    + . .     SeeInvis .     - Unarmed
rCold    . . .     Gourm    +   (no shield)
rNeg     . . .     Faith    .   D - +0 robe (curse)
rPois    +         Spirit   .   (helmet restricted)
rElec    .         Reflect  .   (no cloak)
rCorr    .         Harm     .   (gloves unavailable)
MR       .....                  (boots unavailable)
Stlth    +.........             (no amulet)
HPRegen  0.64/turn              p - ring of poison resistance
MPRegen  0.12/turn              n - ring of protection from fire

@: very slow
A: large, unfitting armour, claws 3, fast metabolism 3, gourmand, regeneration
1, shaggy fur 1, tough skin 2
a: Bend Time, Renounce Religion


You were on level 8 of the Dungeon.
You worshipped Cheibriados.
Cheibriados was pleased with you.
You were completely stuffed.

You visited 1 branch of the dungeon, and saw 8 of its levels.

You collected 215 gold pieces.
You spent 110 gold pieces at shops.

Inventory:

Hand Weapons
 l - a +0 hunting sling
 m - a +0 blowgun
Missiles
 t - 2 tomahawks (quivered)
Armour
 z - a +0 robe of cold resistance
 D - a cursed +0 robe (worn)
Jewellery
 i - an uncursed ring of stealth
 n - a ring of protection from fire (right claw)
 p - a ring of poison resistance (left claw)
 x - an uncursed ring of stealth
 C - an uncursed ring of positive energy
Wands
 f - a wand of paralysis (9)
 u - a wand of flame (25)
Scrolls
 c - 4 scrolls of teleportation
 j - a scroll of enchant armour {unknown}
 q - a scroll of amnesia {unknown}
 r - a scroll of fear
 s - a scroll of blinking {unknown}
 v - a scroll of holy word {unknown}
 w - a scroll of enchant weapon {unknown}
 y - a scroll of magic mapping
 A - 2 scrolls of random uselessness {unknown}
Potions
 a - a potion of cancellation {unknown}
 b - a potion of might {unknown}
 e - 3 potions of curing {@q1}
 g - 3 potions of heal wounds {@q2}
 h - a potion of mutation {!q}
 k - 2 potions of brilliance
 o - a potion of invisibility {unknown}
 B - 2 potions of haste {unknown}
Comestibles
 d - 14 rations


   Skills:
 + Level 5.1 Fighting
 + Level 3.6 Dodging
 * Level 9.9 Unarmed Combat
 - Level 1.2 Spellcasting
 - Level 2.0 Charms
 + Level 3.1 Invocations


You had 5 spell levels left.
You knew the following spells:

 Your Spells              Type           Power        Failure   Level  Hunger
a - Infusion              Chrm           #...         11%         1    ##.....
b - Shroud of Golubria    Chrm/Tloc      #.........   24%         2    ###....
B - Blink                 Tloc           N/A          36%         2    ###....


Dungeon Overview and Level Annotations

Branches:
Dungeon (8/15)             Temple (0/1) D:6
   Lair: D:8-11

Altars:
Cheibriados
Dithmenos
Fedhas
Hepliaklqana
Makhleb
Ru
Sif Muna
Wu Jian
Xom

Shops:
D:6 ?


Innate Abilities, Weirdness & Mutations

You are too large for most types of armour.
You have claws for hands.
Your metabolism is lightning-fast.
You like to eat raw meat.
Your natural rate of healing is unusually fast.
You are covered in fur. (AC +1)
You have very tough skin. (AC +2)


Message History

The bullfrog hits you but does no damage.
You claw the two-headed ogre!
The two-headed ogre is almost dead.
The two-headed ogre barely misses you.
The two-headed ogre hits you with a giant club!
* * * LOW HITPOINT WARNING * * *
The bullfrog misses you.
A crimson imp comes into view.
You scratch the two-headed ogre.
You kill the two-headed ogre!
Cheibriados appreciates the change of pace.
Your Fighting skill increases to level 5!
Your Invocations skill increases to level 3!
You have reached level 9!
Your experience leads to an increase in your attributes!
Your base attributes are Str 20, Int 10, Dex 10.
Increase (S)trength, (I)ntelligence, or (D)exterity?
You feel agile.
You feel stronger. The bullfrog hits you.
You die...

. .. ...# .....
# ......####
... .......@)#
..>
........F..#
...
..............5
...
##.....#?......
... #.....
....... o..
#..... ###....
... ###... ....
... #... .>.
... ...


You could see a bullfrog and a crimson imp.

Vanquished Creatures
  A two-headed ogre (D:8)
  A water moccasin (D:6)
  A sky beast (D:5)
  An orc warrior (D:6)
  A necrophage (D:7)
  An ogre (D:5)
  2 centaurs (D:5)
  4 bullfrogs (D:6)
  2 scorpions
  4 crimson imps (D:5)
  A quasit (D:6)
  A hound (D:5)
  3 orc priests
  2 iguanas
  7 orc wizards
  3 worker ants
  A hound skeleton (D:5)
  Robin (D:2)
  9 adders
  2 shadow imps
  2 oozes
  2 adder zombies (D:5)
  An adder skeleton (D:4)
  2 worms
  A dart slug (D:3)
  5 leopard geckos
  29 orcs
  2 bats (D:2)
  3 giant cockroaches
  20 goblins
  5 hobgoblins
  2 jackals (D:6)
  2 quokkas
  2 ball pythons
  2 frilled lizards (D:4)
  4 kobolds
  A rat (D:2)
133 creatures vanquished.

Notes
Turn   | Place    | Note
-------+----------+-------------------------------------------
     0 | D:1      | Leszczynek the Troll Skald began the quest for the Orb.
     0 | D:1      | Reached XP level 1. HP: 19/19 MP: 1/1
   171 | D:3      | Reached skill level 3 in Unarmed Combat
   171 | D:3      | Reached XP level 2. HP: 17/27 MP: 2/2
   243 | D:3      | Ouch! That really hurt!
   265 | D:3      | Ouch! That really hurt!
   271 | D:3      | >orc priests
   313 | D:2      | Reached XP level 3. HP: 33/33 MP: 3/3
   375 | D:2      | Noticed Robin
   415 | D:2      | Killed Robin
   415 | D:2      | Reached skill level 4 in Unarmed Combat
   552 | D:2      | Reached XP level 4. HP: 39/41 MP: 4/4
   758 | D:3      | Reached skill level 5 in Unarmed Combat
   860 | D:3      | Reached XP level 5. HP: 32/48 MP: 5/5
   974 | D:3      | Found a snail-covered altar of Cheibriados.
  1119 | D:4      | Reached skill level 6 in Unarmed Combat
  1239 | D:4      | Reached XP level 6. HP: 36/55 MP: 6/6
  1272 | D:3      | Became a worshipper of Cheibriados the Contemplative
  1391 | D:5      | Entered Level 5 of the Dungeon
  1392 | D:5      | Noticed a sky beast
  1405 | D:5      | Reached skill level 7 in Unarmed Combat
  1451 | D:5      | Found a sacrificial altar of Ru.
  1545 | D:5      | Killed a sky beast
  1545 | D:5      | Reached XP level 7. HP: 40/62 MP: 7/7
  1560 | D:5      | Found a shimmering altar of Xom.
  1576 | D:5      | Reached skill level 8 in Unarmed Combat
  1588 | D:5      | Reached * piety under Cheibriados
  1616 | D:5      | Found a faded altar of an unknown god.
  1616 | D:5      | Found a faded altar of an unknown god.
  1622 | D:5      | Found a hazy altar of Hepliaklqana.
  1806 | D:5      | Found a burning altar of Makhleb.
  1808 | D:5      | Reached skill level 2 in Fighting
  1904 | D:6      | Reached skill level 3 in Fighting
  1912 | D:6      | Found Qait's Magic Scroll Emporium.
  1935 | D:6      | Bought a scroll of teleportation for 30 gold pieces
  1935 | D:6      | Bought a scroll of identify for 20 gold pieces
  1935 | D:6      | Bought a scroll of identify for 20 gold pieces
  1935 | D:6      | Bought a scroll of identify for 20 gold pieces
  1935 | D:6      | Bought a scroll of identify for 20 gold pieces
  2010 | D:6      | Found a shadowy altar of Dithmenos.
  2012 | D:6      | Found a deep blue altar of Sif Muna.
  2014 | D:6      | Found a blossoming altar of Fedhas.
  2037 | D:6      | Reached skill level 4 in Fighting
  2037 | D:6      | Reached XP level 8. HP: 68/78 MP: 8/8
  2041 | D:6      | Reached ** piety under Cheibriados
  2072 | D:6      | Reached skill level 2 in Dodging
  2102 | D:6      | Reached skill level 1 in Invocations
  2102 | D:6      | HP: 15/78 [quokka (2)]
  2107 | D:6      | HP: 11/78 [quokka (5)]
  2235 | D:6      | Found a staircase to the Ecumenical Temple.
  2252 | D:6      | Reached skill level 9 in Unarmed Combat
  2311 | D:5      | Reached skill level 2 in Invocations
  2333 | D:5      | Reached skill level 3 in Dodging
  2374 | D:5      | Found an ornate altar of the Wu Jian Council.
  2439 | D:7      | Found an ornate altar of the Wu Jian Council.
  2466 | D:7      | Learned a level 2 spell: Shroud of Golubria
  2469 | D:7      | Learned a level 2 spell: Blink
  2591 | D:8      | Noticed a two-headed ogre
  2591 | D:8      | Noticed a hippogriff
  2592 | D:8      | yikes
  2678 | D:8      | Noticed a two-headed ogre
  2688 | D:8      | HP: 5/79 [two-headed ogre/giant club (16)]
  2689 | D:8      | Killed a two-headed ogre
  2689 | D:8      | Reached skill level 5 in Fighting
  2689 | D:8      | Reached skill level 3 in Invocations
  2689 | D:8      | Reached XP level 9. HP: 5/88 MP: 4/10
  2689 | D:8      | Slain by a bullfrog

Vault maps used:
D:1:      saegor_arrival_simple_c
D:2:      kennysheep_big_empty_room, uniq_robin
D:3:      nicolae_overflow_hidden_temple
D:4:      kennysheep_spiral_hall
D:5:      lemuel_doored_altar, lemuel_crystal_altar, led_xom_imps,
          chequers_temple_overflow_minitemple, makhleb_grotto_becter,
          first_ration, moated_statue, minmay_stone_trees_medium
D:6:      gammafunk_temple_overflow_forgotten, minmay_temple_entry_glassed_door,
          serial_shops, nicolae_shop_statue_plus, grunt_ministairs_7
D:7:      basic_altar

Skill      XL: |  1  2  3  4  5  6  7  8 |
---------------+-------------------------+-----
Unarmed Combat | 3 4 5 6 7 8 9 |  9.9
Fighting       | 4 5 |  5.1
Dodging        | 3 |  3.6
Invocations    | 3 |  3.1
Spellcasting   | |  1.2
Charms         | |  2.0

Action                   |  1- 3 |  4- 6 |  7- 9 || total
-------------------------+-------+-------+-------++-------
Melee: Unarmed           |   103 |   119 |   162 ||   384
       Punch             |     2 |     3 |     6 ||    11
 Cast: Shroud of Golubri |       |       |     1 ||     1
Invok: Bend Time         |       |       |     2 ||     2
Evoke: Wand              |       |       |    11 ||    11
  Use: Scroll            |       |     1 |     7 ||     8
 Stab: Sleeping          |       |     4 |       ||     4
       Distracted        |       |     1 |       ||     1
  Eat: Chunk             |    11 |     9 |     7 ||    27
Armor: Robe              |    30 |    19 |    42 ||    91
Dodge: Dodged            |    47 |    53 |    88 ||   188

Table legend:
 A = Spawn XP
 B = Non-spawn XP
 C = Spawn XP percentage of total XP
 D = Spawn monster count
 E = Non-spawn monster count
 F = Spawn count percentage of total count
 G = Total turns spent on level
                    A         B        C        D         E        F      G
               +---------+---------+-------+---------+---------+-------+---------
         Total |       0 |    3523 |   0.0 |       0 |     133 |   0.0 |  2689
               +---------+---------+-------+---------+---------+-------+---------
           D:1 |       0 |      11 |   0.0 |       0 |       6 |   0.0 |   124
           D:2 |       0 |      95 |   0.0 |       0 |      27 |   0.0 |   513
           D:3 |       0 |     140 |   0.0 |       0 |      25 |   0.0 |   441
           D:4 |       0 |     228 |   0.0 |       0 |      13 |   0.0 |   333
           D:5 |       0 |    1026 |   0.0 |       0 |      32 |   0.0 |   526
           D:6 |       0 |     982 |   0.0 |       0 |      27 |   0.0 |   484
           D:7 |       0 |     126 |   0.0 |       0 |       2 |   0.0 |   254
           D:8 |       0 |     915 |   0.0 |       0 |       1 |   0.0 |    14
               +---------+---------+-------+---------+---------+-------+---------
